 Dungeon Crawl Stone Soup version 0.23-a0-619-g281719c (webtiles) character file.

338 Cadaver the Slasher (level 6, -2/78 HPs)
             Began as a Minotaur Skald on Dec 22, 2018.
             Slain by a mummy (10 damage)
             ... in an ossuary.
             The game lasted 00:15:07 (3559 turns).

Cadaver the Slasher (Minotaur Skald)                Turns: 3559, Time: 00:15:08

Health: -2/78      AC: 23    Str: 16    XL:     6   Next: 29%
Magic:  7/7        EV:  2    Int: 12    God:
Gold:   162        SH:  0    Dex:  9    Spells: 4/7 levels left

rFire    . . .     SeeInvis .   a - +1 falchion
rCold    . . .     Gourm    .   (no shield)
rNeg     + + +     Faith    .   (armour currently unavailable)
rPois    +         Spirit   .   (helmet currently unavailable)
rElec    .         Reflect  .   (cloak currently unavailable)
rCorr    .         Harm     .   (gloves currently unavailable)
MR       .....     NoTele   +   (boots currently unavailable)
Stlth    +.........             (no amulet)
HPRegen  0.23/turn              (no ring)
MPRegen  0.10/turn              (no ring)

@: tree-form
A: (retaliatory headbutt)
a: no special abilities


You were in an ossuary.
You were not hungry.
You were a tree.
You visited 1 branch of the dungeon, and saw 4 of its levels.
You also visited: Ossuary.

You collected 162 gold pieces.

Inventory:

Hand Weapons
 a - a +1 falchion (weapon)
 j - a +0 hunting sling
Missiles
 c - 146 stones (quivered)
 s - 37 arrows
Armour
 b - a +0 leather armour
 f - a +0 scale mail (melded)
Wands
 n - a wand of iceblast (6)
 p - a wand of random effects (10)
Scrolls
 g - 2 scrolls of enchant armour
 k - 2 scrolls of remove curse
Potions
 e - a potion of heal wounds {unknown}
 h - 2 potions of mutation {unknown}
 o - a potion of brilliance {unknown}
 t - a potion of flight
 v - a potion of agility {unknown}
Comestibles
 d - 7 rations


   Skills:
 + Level 4.2 Fighting
 + Level 5.7 Long Blades
 + Level 4.4 Armour
 - Level 2.1 Dodging
 - Level 1.3 Spellcasting
 - Level 2.0 Charms


You had 4 spell levels left.
You knew the following spells:

 Your Spells              Type           Power        Failure   Level  Hunger
a - Infusion              Chrm           #...         13%         1    ##.....
b - Shroud of Golubria    Chrm/Tloc      #.........   28%         2    ###....

Your spell library contained the following spells:

 Spells                   Type           Power        Failure   Level  Hunger
 Song of Slaying          Chrm           #.......     19%         2    ###....
 Regeneration             Chrm/Necr      #.........   50%         3    ####...
 Spectral Weapon          Hex/Chrm       #.......     50%         3    ####...


Dungeon Overview and Level Annotations

Branches:
Dungeon (4/15)
 Temple: D:4-7

Altars:


Innate Abilities, Weirdness & Mutations

((You reflexively headbutt those who attack you in melee.))
((You have a pair of horns on your head.))


Message History

You hit the mummy.
The mummy is almost destroyed.
The mummy hits you!
You hit the mummy.
You destroy the mummy!
Unknown command.
You are too injured to fight recklessly!
You are too injured to fight recklessly!
You are too injured to fight recklessly!
You barely miss the mummy. The mummy hits you!
* * * LOW HITPOINT WARNING * * *
You barely miss the mummy. The mummy hits you!
* * * LOW HITPOINT WARNING * * *
Okay, then.
You hit the mummy.
The mummy is moderately damaged.
You hit the mummy.
The mummy is heavily damaged.
The mummy hits you!
You die...

#....#
#....#
#....#
#(...#
#....#
#....#
#....#
#M...#
#♣∩∩.#
######


You could see a mummy.

Vanquished Creatures
  An ogre (D:4)
  A scorpion (D:3)
  An orc wizard (D:4)
  A worker ant (D:4)
  A mummy (Ossuary)
  3 gnolls (D:3)
  5 adders
  2 leopard geckos
  2 orcs (D:4)
  A ball python (D:3)
  2 giant cockroaches
  A gnoll zombie (Ossuary)
  6 goblins
  6 hobgoblins
  6 jackals
  9 kobolds
  A quokka (D:3)
  8 bats
  2 frilled lizards (D:3)
  A hobgoblin zombie (Ossuary)
  A kobold zombie (Ossuary)
  2 orc zombies (Ossuary)
  2 rats (D:3)
65 creatures vanquished.

Notes
Turn   | Place    | Note
-------+----------+-------------------------------------------
     0 | D:1      | Cadaver the Minotaur Skald began the quest for the Orb.
     0 | D:1      | Reached XP level 1. HP: 18/18 MP: 1/1
   318 | D:1      | Reached XP level 2. HP: 22/25 MP: 3/3
   332 | D:1      | Reached skill level 3 in Long Blades
   959 | D:2      | Reached XP level 3. HP: 26/31 MP: 4/4
  1444 | D:2      | Reached skill level 4 in Long Blades
  1474 | D:2      | Reached XP level 4. HP: 33/39 MP: 5/5
  2433 | D:3      | Learned a level 2 spell: Shroud of Golubria
  2639 | D:3      | Reached XP level 5. HP: 33/46 MP: 6/6
  3047 | D:4      | Noticed an ogre
  3062 | D:4      | HP: 1/46 [ogre/+0 giant club (6)]
  3065 | D:4      | Killed an ogre
  3065 | D:4      | Reached skill level 5 in Long Blades
  3155 | D:4      | Reached XP level 6. HP: 48/52 MP: 7/7
  3395 | D:4      | Found a sand-covered staircase.
  3401 | Ossuary  | Entered an ossuary
  3559 | Ossuary  | Slain by a mummy

Vault maps used:
D:1:      ncdulo_smallfort, minmay_distorted
D:2:      first_ration
D:4:      lightli_ossuary_entry_decrepit_ruins
Ossuary:  ossuary_tomb_3

Skill      XL: |  1  2  3  4  5 |
---------------+----------------+-----
Long Blades    | 3 4 5 |  5.7
Fighting       | 3 4 |  4.2
Armour         | 2 3 4 |  4.4
Dodging        | |  2.1
Spellcasting   | |  1.3
Charms         | |  2.0

Action                   |  1- 3 |  4- 6 || total
-------------------------+-------+-------++-------
Melee: Falchion          |   108 |   116 ||   224
       Headbutt          |    11 |    18 ||    29
Throw: Throwing net      |       |     2 ||     2
       Stone             |       |     6 ||     6
 Cast: Infusion          |     1 |       ||     1
Evoke: Wand              |       |     1 ||     1
  Use: Scroll            |     1 |     9 ||    10
       Potion            |       |     4 ||     4
 Stab: Held in net/web   |       |     1 ||     1
  Eat: Chunk             |     2 |     3 ||     5
       Ration            |       |     1 ||     1
Armor: Scale mail        |    51 |    34 ||    85
       Skin              |       |     3 ||     3
Dodge: Dodged            |    61 |    46 ||   107
       Rpst.: Falchion   |    15 |     9 ||    24

Table legend:
 A = Non-vault XP
 B = Vault XP
 C = Vault XP percentage of total XP
 D = Non-vault monster count
 E = Vault monster count
 F = Vault count percentage of total count
                 A         B        C        D         E       F
            +---------+---------+-------+---------+---------+-------
      Total |     457 |      27 |   5.6 |      57 |       8 |  12.3
            +---------+---------+-------+---------+---------+-------
        D:1 |      31 |       3 |   8.8 |      17 |       2 |  10.5
        D:2 |      72 |       0 |   0.0 |      15 |       0 |   0.0
        D:3 |     152 |       0 |   0.0 |      20 |       0 |   0.0
        D:4 |     202 |       0 |   0.0 |       5 |       0 |   0.0
    Ossuary |       0 |      24 | 100.0 |       0 |       6 | 100.0
            +---------+---------+-------+---------+---------+-------
